Map: At Eternity's Edge LE

Players

Lambo

  • Race: Zerg Zerg
  • Spawn Location: 11:00

SKillous - Winner!

  • Race: Protoss Protoss
  • League: Grandmaster
  • Spawn Location: 5:00

Event: HomeStory Cup XXIX

VOD

Have the link to the VOD?

Description

Time

  • Played on: July 4, 2026, 3:26 p.m.
  • Length: 10:06

All games in this series

Show
View Real Time Build Order
Export as new Build Order

Lambo Zerg 

Build Orders: Hatch First 

Get SALT Encoding   

  8  0:00  Drone  
  9  0:10  Drone  
  10  0:16  Drone  
  11  0:22  Drone  
  12  0:32  Overlord  
  12  0:39  Extractor  
  12  0:40  Drone  
  13  0:50  Drone  
  13  0:51  Drone  
  15  1:00  Drone  
  16  1:14  Hatchery  
  15  1:19  Drone  
  15  1:21  Drone  
  17  1:30  Drone  
  18  1:36  Extractor  
  17  1:40  Spawning Pool  
  17  1:45  Drone  
  17  1:50  Drone  
  18  2:00  Drone  
  19  2:10  Overlord  
  19  2:20  Drone  
  20  2:27  Queen x2  
  20  2:28  Zergling x2  
  25  2:31  Drone  
  26  2:39  Metabolic Boost  
  26  2:40  Zergling x2  
  26  2:43  Drone  
  28  2:49  Drone x2  
  30  2:57  Drone  
  31  2:59  Overlord  
  31  3:12  Hatchery  
  30  3:16  Zergling x2  
  30  3:18  Zergling x2  
  32  3:25  Queen  
  32  3:26  Zergling x2  
  35  3:32  Spore Crawler  
  33  3:36  Spore Crawler  
  33  3:37  Spore Crawler  
  33  3:41  Drone x5  
  39  3:43  Zergling x2  
  40  3:50  Overlord  
  40  4:00  Drone  
  40  4:02  Drone  
  40  4:09  Drone x4  
  44  4:12  Overlord  
  44  4:14  Drone x3  
  47  4:17  Drone  
  48  4:27  Overlord  
  48  4:30  Drone x3  
  50  4:34  Overlord  
  50  4:35  Drone x2  
  51  4:42  Drone x6  
  56  4:46  Spore Crawler  
  56  4:47  Spore Crawler  
  56  4:48  Zergling x2  
  55  4:52  Drone  
  55  4:53  Drone x2  
  55  4:54  Drone  
  58  5:01  Queen  
  58  5:04  Zergling x4  
  62  5:09  Drone x2  
  62  5:11  Queen  
  62  5:14  Zergling x2  
  67  5:15  Overlord  
  67  5:19  Lair  
  67  5:20  Extractor  
  66  5:24  Drone, Roach Warren  
  66  5:25  Drone  
  66  5:27  Overlord  
  67  5:35  Drone x7  
  74  5:39  Drone  
  75  5:44  Overlord  
  75  5:47  Drone x5  
  80  5:51  Drone x3  
  80  5:56  Spore Crawler, Hatchery  
  81  6:01  Extractor  
  81  6:02  Zergling x6, Extractor x2  
  81  6:09  Evolution Chamber  
  81  6:10  Zergling x6  
  83  6:14  Roach x3  
  83  6:17  Roach  
  90  6:18  Overlord x2  
  90  6:24  Overlord x2  
  90  6:25  Overlord  
  90  6:36  Queen x2  
  90  6:39  Roach x4  
  98  6:40  Zergling x4  
  98  6:42  Zergling x2  
  98  6:44  Zergling x4  
  98  6:46  Roach  
  97  6:50  Roach  
  97  6:53  Roach x3  
  103  6:56  Roach  
  95  7:01  Roach x2  
  95  7:03  Roach  
  95  7:05  Roach  
  95  7:08  Roach  
  90  7:10  Ravager x3  
  90  7:12  Roach  
  93  7:21  Zergling x14  
  100  7:29  Roach Warren  
  95  7:31  Zergling x2  
  95  7:32  Zergling x6  
  95  7:34  Zergling x2  
  95  7:36  Zergling x2  
  101  7:42  Zergling x10  
  86  7:47  Zergling x4  
  86  7:51  Zergling x6  
  82  7:57  Zergling x6  
  77  8:01  Zergling x2  
  77  8:03  Zergling x4  
  64  8:09  Roach x3  
  64  8:12  Roach  
  55  8:20  Roach x3  
  55  8:24  Roach  
  67  8:27  Roach  
  67  8:31  Roach x3  
  67  8:32  Ravager x2  
  70  8:38  Roach  
  70  8:40  Ravager x2  
  74  8:44  Roach x2  
  74  8:47  Drone  
  79  8:53  Drone x2  
  79  8:55  Drone  
  81  8:56  Drone  
  81  8:57  Drone  
  81  8:59  Drone  
  81  9:01  Drone  
  81  9:02  Drone  
  86  9:03  Drone  
  86  9:06  Drone  
  86  9:08  Drone  
  86  9:09  Drone  
  91  9:10  Drone  
  91  9:13  Hydralisk Den  
  91  9:16  Drone x2  
  92  9:18  Drone  
  92  9:19  Drone  
  92  9:23  Roach x2  
  98  9:28  Ravager x6  
  98  9:30  Roach  
  106  9:34  Roach x2  
  111  9:38  Zergling x2  
  111  9:44  Roach  
Show
View Real Time Build Order
Export as new Build Order

SKillous Protoss - Winner!

Build Orders: 1 Gate Expand, Oracle Opening 

Get SALT Encoding   

  8  0:00  Probe (Chrono Boost)  
  9  0:12  Probe (Chrono Boost)  
  10  0:17  Probe (Chrono Boost)  
  11  0:26  Probe  
  12  0:32  Pylon  
  12  0:38  Probe  
  13  0:50  Probe  
  14  0:57  Gateway  
  14  1:03  Probe (Chrono Boost)  
  15  1:13  Probe (Chrono Boost)  
  15  1:18  Probe (Chrono Boost)  
  17  1:29  Probe  
  18  1:41  Nexus  
  18  1:51  Assimilator  
  18  1:57  Cybernetics Core  
  18  1:59  Probe  
  19  2:07  Assimilator  
  19  2:11  Probe  
  19  2:15  Pylon  
  20  2:24  Probe  
  21  2:31  Adept (Chrono Boost)  
  21  2:36  Probe  
  24  2:48  Probe  
  25  2:53  Probe, Adept (Chrono Boost)  
  28  3:00  Probe  
  28  3:02  Stargate  
  29  3:05  Probe (Chrono Boost)  
  29  3:12  Warp Gate  
  31  3:17  Probe x2 (Chrono Boost)  
  32  3:22  Adept  
  32  3:25  Probe (Chrono Boost)  
  32  3:26  Probe (Chrono Boost)  
  36  3:32  Probe  
  37  3:36  Probe  
  37  3:40  Pylon  
  38  3:44  Probe  
  38  3:47  Oracle (Chrono Boost)  
  42  3:56  Gateway  
  42  3:58  Probe x2  
  42  4:03  Stalker  
  42  4:10  Probe x2  
  44  4:18  Nexus  
  44  4:23  Probe  
  45  4:28  Probe  
  45  4:31  Oracle  
  49  4:36  Probe  
  50  4:39  Pylon  
  50  4:41  Probe  
  50  4:48  Assimilator x2  
  50  4:50  Gateway  
  50  4:51  Gateway  
  50  4:55  Gateway  
  50  4:57  Probe  
  51  5:00  Probe  
  51  5:02  Sentry, Gateway  
  54  5:09  Probe  
  54  5:11  Sentry  
  54  5:12  Probe  
  58  5:15  Pylon  
  58  5:29  Probe x2, Sentry  
  58  5:30  Pylon  
  58  5:32  Sentry  
  64  5:37  Probe (Chrono Boost)  
  64  5:38  Adept, Pylon  
  64  5:39  Adept  
  71  5:43  Adept  
  71  5:44  Adept  
  71  5:46  Stalker  
  71  5:47  Probe x2 (Chrono Boost)  
  77  5:53  Shield Battery  
  77  5:59  Pylon  
  77  6:09  Pylon  
  75  6:28  Pylon, Stalker x2  
  75  6:29  Stalker x4  
  80  6:54  Adept x3  
  80  6:55  Adept x3  
  92  7:04  Oracle (Chrono Boost)  
  95  7:10  Probe x2  
  98  7:18  Stalker x5, Zealot  
  98  7:20  Probe  
  110  7:23  Probe  
  111  7:32  Pylon  
  111  7:35  Pylon  
  111  7:36  Pylon  
  111  7:40  Probe x2  
  111  7:43  Probe  
  108  7:45  Stalker x3  
  92  8:00  Adept x3  
  92  8:01  Probe x2  
  92  8:04  Probe  
  91  8:09  Stalker x3  
  89  8:13  Probe (Chrono Boost)  
  89  8:14  Probe (Chrono Boost)  
  89  8:16  Probe (Chrono Boost)  
  89  8:19  Pylon  
  92  8:20  Assimilator  
  92  8:23  Adept x3  
  92  8:25  Probe x2 (Chrono Boost), Assimilator  
  92  8:26  Probe (Chrono Boost)  
  101  8:31  Probe  
  102  8:35  Probe  
  102  8:39  Zealot  
  102  8:40  Oracle (Chrono Boost)  
  105  8:42  Forge  
  105  8:44  Twilight Council  
  105  8:46  Probe  
  105  8:47  Pylon  
  109  8:50  Sentry x2  
  109  8:51  Zealot x2  
  109  8:53  Pylon  
  117  9:01  Pylon  
  117  9:10  Oracle  
  117  9:15  Sentry x3  
  117  9:16  Sentry, Zealot  
  130  9:17  Zealot  
  132  9:26  Pylon, Gateway  
  132  9:38  Photon Cannon  
  132  9:40  Pylon  
  132  9:42  Gateway  
  124  9:56  Stalker x6  
Tags
 
Add a new tag
Caveats
  • Supply blocks, unpowered buildings, or Contaminate may cause inaccurate times.
  • Supply counts are checked every 10 seconds.